 Dungeon Crawl Stone Soup version 0.19.5 (webtiles) character file.

139 ghjk the Chopper (level 5, -6/46 HPs)
             Began as a Minotaur Fighter on Apr 30, 2017.
             Killed from afar by bananaglory's ghost (9 damage)
             ... with an orb of energy
             ... on level 3 of the Dungeon.
             The game lasted 00:02:26 (1783 turns).

ghjk the Chopper (Minotaur Fighter)                 Turns: 1783, Time: 00:02:27

Health: -6/46      AC:  7    Str: 26    XL:     5   Next: 1%
Magic:  4/4        EV:  8    Int:  5    God:
Gold:   130        SH: 10    Dex: 10    Spells: 0 memorised, 4 levels left

rFire  . . .     SeeInvis .     a - +0 war axe
rCold  . . .     Gourm    .     b - +0 scale mail
rNeg   . . .     Faith    .     c - +0 shield
rPois  .         Spirit   .     (helmet restricted)
rElec  .         Reflect  .     (no cloak)
rCorr  .         Harm     .     (no gloves)
MR     .....                    (no boots)
Stlth  ..........               (no amulet)
                                (no ring)
                                (no ring)

@: mighty, lethally poisoned (-6 -> -11)
A: retaliatory headbutt, horns 2
a: no special abilities


You were on level 3 of the Dungeon.
You were hungry.

You visited 1 branch of the dungeon, and saw 3 of its levels.

You collected 130 gold pieces.

Inventory:

Hand Weapons
 a - a +0 war axe (weapon)
Armour
 b - a +0 scale mail (worn)
 c - a +0 shield (worn)
Jewellery
 q - an uncursed amulet of the gourmand {unknown}
Scrolls
 e - 6 scrolls of identify {unknown}
 g - a scroll of enchant weapon {unknown}
 h - 2 scrolls of teleportation {unknown}
 i - 2 scrolls of enchant armour {unknown}
 k - 5 scrolls of remove curse {unknown}
 n - 2 scrolls of amnesia {unknown}
 o - a scroll of fog {unknown}
 t - a scroll of immolation {unknown}
 u - a scroll of noise {unknown}
Potions
 j - a potion of ambrosia {unknown}
 l - a potion of curing {unknown}
 m - a potion of resistance {unknown}
 p - a potion of brilliance {unknown}
 r - a potion of magic {unknown}
 s - a potion of agility {unknown}
Comestibles
 f - 2 bread rations


   Skills:
 + Level 4.2 Fighting
 * Level 5.0 Axes
 + Level 4.4 Armour
 + Level 1.0 Dodging
 - Level 3.6 Shields


You had 4 spell levels left.
You didn't know any spells.

Dungeon Overview and Level Annotations

Branches:
Dungeon (3/15)

Altars:
Cheibriados
Dithmenos
Elyvilon
Hepliaklqana
Nemelex Xobeh
Qazlal
Ru
Sif Muna

Annotations:
D:3 bananaglory's ghost, novice HuCj


Innate Abilities, Weirdness & Mutations

You reflexively headbutt those who attack you in melee.
You have a pair of horns on your head.


Message History

Ouch! That really hurt!
* * * LOW HITPOINT WARNING * * *
The orb of energy explodes!
The mystic blast hits the rat.
The rat dies!
You hear a shout! x3
You are too injured to fight recklessly!
Unknown command.
You are too injured to fight recklessly!
Unknown command.
You are too injured to fight recklessly!
Unknown command.
Unknown command.
You are too injured to fight recklessly!
Unknown command.
Your scale mail prevents you from hitting bananaglory's ghost.
* * * LOW HITPOINT WARNING * * *
You feel sick.
Bananaglory's ghost points at you and mumbles some strange words.
The orb of energy hits you!
You die...

...#................
#..#........#......
.#.#....(...###..# $
............##...#####..
..........(.............
##..#####..(...###......
#.......##....###.....
.......#...........#
............?.)(@W?#
...$..?#.##......†gg.# .
..#. #.#.###r#Kg.# .. .
#....# ......# # #..###
##..... #... ..... #..
.... ... ...


You could see bananaglory's ghost, 3 gnolls, a kobold and a rat.

Vanquished Creatures
  4 gnolls (D:2)
  3 adders (D:2)
  An ooze (D:3)
  3 worms (D:2)
  A dart slug (D:1)
  2 leopard geckos (D:1)
  An orc (D:3)
  2 ball pythons
  5 bats
  4 giant cockroaches
  9 goblins
  6 hobgoblins
  3 jackals (D:1)
  A quokka (D:2)
  A frilled lizard (D:1)
  3 kobolds
  10 rats
59 creatures vanquished.

Vanquished Creatures (others)
  A rat (D:3)
1 creature vanquished.

Grand Total: 60 creatures vanquished

Notes
Turn   | Place    | Note
-------+----------+-------------------------------------------
     0 | D:1      | ghjk the Minotaur Fighter began the quest for the Orb.
     0 | D:1      | Reached XP level 1. HP: 19/19 MP: 0/0
   134 | D:1      | Reached XP level 2. HP: 27/27 MP: 1/1
   269 | D:1      | Reached skill level 3 in Axes
   393 | D:1      | Reached XP level 3. HP: 33/33 MP: 2/2
   878 | D:2      | Reached skill level 4 in Axes
   880 | D:2      | Reached XP level 4. HP: 21/40 MP: 3/3
  1309 | D:2      | Found a faded altar of an unknown god.
  1389 | D:2      | Reached skill level 1 in Dodging
  1461 | D:2      | Found a sacrificial altar of Ru.
  1462 | D:2      | Found a shadowy altar of Dithmenos.
  1464 | D:2      | Found a stormy altar of Qazlal.
  1469 | D:2      | Found a hazy altar of Hepliaklqana.
  1469 | D:2      | Found a deep blue altar of Sif Muna.
  1470 | D:2      | Found a sparkling altar of Nemelex Xobeh.
  1472 | D:2      | Found a white marble altar of Elyvilon.
  1474 | D:2      | Found a snail-covered altar of Cheibriados.
  1724 | D:3      | Reached skill level 5 in Axes
  1742 | D:3      | Reached XP level 5. HP: 46/46 MP: 4/4
  1777 | D:3      | Noticed bananaglory's ghost (novice HuCj)
  1783 | D:3      | Killed from afar by bananaglory's ghost

Skill      XL: |  1  2  3  4 |
---------------+-------------+-----
Armour         | 4 |  4.4
Fighting       | 4 |  4.2
Axes           | 3 4 5 |  5.0
Dodging        | 1 |  1.0
Shields        | |  3.6

Action                   |  1- 3 |  4- 6 || total
-------------------------+-------+-------++-------
Melee: War axe           |    61 |    60 ||   121
       Headbutt          |     9 |     9 ||    18
  Use: Potion            |       |     1 ||     1
  Eat: Chunk             |       |     2 ||     2
Armor: Scale mail        |    35 |    18 ||    53
Dodge: Dodged            |    25 |    17 ||    42
Block: Shield            |    40 |    33 ||    73
